 Seeded DCSS version 0.30.1-11-g7821555f0a (webtiles) character file.

Game seed: 5 (custom seed)

85531 Kazon the Blocker (level 16, -1/120 HPs)
             Began as a Human Fighter on Dec 4, 2023.
             Was a High Priest of Okawaru.
             Slain by a naga
             ... wielding a +0 glaive
              (25 damage)
             ... on level 1 of the Snake Pit on Dec 5, 2023.
             The game lasted 02:08:21 (18667 turns).

Kazon the Blocker (Human Fighter)                  Turns: 18667, Time: 02:08:21

Health: -1/120     AC: 39    Str: 30    XL:     16   Next: 31%
Magic:  23/24      EV: 10    Int:  9    God:    Okawaru [*****.]
Gold:   2201       SH: 19    Dex: 13    Spells: 15/15 levels left

rFire   + . .        q - +10 morningstar "Eos" {elec, Halo rElec}
rCold   + . .        c - +0 tower shield
rNeg    . . .        e - +9 plate armour of Kadix {Rampage Str+3}
rPois   +            S - +1 helmet
rElec   +            a - scarf {rC+ rF+}
rCorr   .            G - +1 pair of gloves {Str+3}
SInv    .            (no boots)
Will    +....        Z - amulet of regeneration Stlth
                     p - ring of the Tortoise {AC+8}
HPRegen 1.20/turn    m - ring of poison resistance
MPRegen 0.19/turn

%: rampage
@: heroic, glowing
A: no striking features
a: Renounce Religion, Heroism, Finesse, Duel


You were on level 1 of the Snake Pit.
You worshipped Okawaru.
Okawaru was extremely pleased with you.
You visited 5 branches of the dungeon, and saw 23 of its levels.
You also visited: Ossuary and Ice Cave.

You collected 2824 gold pieces.
You spent 623 gold pieces at shops.

Inventory:

Hand Weapons
 f - a +1 hand axe of flaming
 h - the +10 zealot's sword {holy, Zealotry, *Rage rN+ EV+3}
   (You found it on level 3 of the Lair of Beasts)

   Zealotry:  Whenever the wielder enters a berserk rage, their allies are
   berserked alongside them.
   EV:        It affects your evasion (+3).
   rN:        It protects you from negative energy.
   *Rage:     It berserks you when you make melee attacks (+20% chance).
 q - the +10 morningstar "Eos" (weapon) {elec, Halo rElec}
   (Okawaru gifted it to you on level 2 of the Orcish Mines)

   Halo:      It grants its wielder a halo, revealing invisible creatures and
   increasing accuracy against all within it other than the wielder.
   rElec:     It insulates you from electricity.
 v - a +2 vampiric war axe
Missiles
 j - 22 boomerangs (quivered)
 w - a curare-tipped dart
 y - a datura-tipped dart
 K - 11 javelins
 O - 2 throwing nets
 Q - 3 boomerangs of dispersal
 W - an atropa-tipped dart
Armour
 a - a scarf of resistance (worn)
 c - a +0 tower shield (worn)
 e - the +9 plate armour of Kadix (worn) {Rampage Str+3}
   (You acquired it on level 1 of the Dungeon)

   Str:       It affects your strength (+3).
   Rampage:   It bestows one free step when moving towards enemies.
 G - a +1 pair of gloves of strength (worn)
 S - a +1 helmet (worn)
Jewellery
 m - a ring of poison resistance (right hand)
 p - the ring of the Tortoise (left hand) {AC+8}
   (You found it in an ice cave)

   [ring of protection]

   AC:        It affects your AC (+8).
 Z - an amulet of regeneration (around neck)
Wands
 z - a wand of paralysis (19)
 C - a wand of flame (13)
 M - a wand of digging (7)
 N - a wand of light (13)
 P - a wand of polymorph (4)
 X - a wand of iceblast (5)
Scrolls
 i - a scroll of identify
 n - a scroll of magic mapping
 o - 4 scrolls of blinking {unknown}
 t - 8 scrolls of teleportation
 x - 4 scrolls of fog
 D - a scroll of poison
 F - 4 scrolls of enchant armour {unknown}
 I - 3 scrolls of fear
 J - 2 scrolls of enchant weapon
 U - a scroll of silence
Potions
 b - a potion of haste
 d - 4 potions of might
 g - a potion of resistance
 k - 3 potions of invisibility
 l - 9 potions of curing
 r - 7 potions of flight
 s - 3 potions of berserk rage
 u - 6 potions of heal wounds
 A - 3 potions of lignification
 L - 2 potions of cancellation
Miscellaneous
 V - a phial of floods
 Y - a lightning rod (4/4)


   Skills:
 + Level 9.3(14.3) Fighting
 + Level 7.3(12.3) Long Blades
 + Level 12.0(17.5) Axes
 + Level 6.0(14.8) Maces & Flails
 + Level 7.5(12.5) Throwing
 + Level 10.3(15.3) Armour
 + Level 2.1(7.1) Dodging
 + Level 2.5(7.5) Stealth
 + Level 12.2(17.2) Shields
 + Level 11.4 Invocations
 + Level 9.4 Evocations


You had 15 spell levels left.
You didn't know any spells.
Your spell library contained the following spells:

 Spells                   Type           Power      Damage    Failure   Level
 Foxfire                  Conj/Fire      0%         2x1d4     98%         1
 Necrotise                Necr           0%         1d4       98%         1
 Ensorcelled Hibernation  Hex/Ice        0%         N/A       99%         2
 Static Discharge         Conj/Air       0%         2-2/arc   99%         2
 Frozen Ramparts          Ice            0%         1d1       100%        3
 Hailstorm                Conj/Ice       0%         3d3       100%        3
 Ignite Poison            Fire/Tmut/Pois 0%         N/A       100%        3
 Vampiric Draining        Necr           0%         2d6       100%        3
 Airstrike                Air            0%         2d(0-16)  100%        4
 Ice Form                 Ice/Tmut       0%         N/A       100%        4
 Leda's Liquefaction      Hex/Erth       0%         N/A       100%        4
 Sticky Flame             Conj/Fire      0%         2d3       100%        4
 Agony                    Necr           0%         N/A       100%        5
 Alistair's Intoxication  Tmut/Pois      0%         N/A       100%        5
 Blade Hands              Tmut           0%         N/A       100%        5
 Borgnjor's Vile Clutch   Necr/Erth      0%         N/A       100%        5
 Fireball                 Conj/Fire      0%         3d3       100%        5
 Lee's Rapid Deconstruct  Erth           0%         3d4*      100%        5
 Conjure Ball Lightning   Conj/Air       0%         3x3d6     100%        6
 Eringya's Noxious Bog    Tmut/Pois      0%         N/A       100%        6
 Plasma Beam              Fire/Air       0%         2x1d11    100%        6
 Starburst                Conj/Fire      0%         6d3       100%        6
 Statue Form              Tmut/Erth      0%         N/A       100%        6
 Discord                  Hex            0%         N/A       100%        8
 Disjunction              Tloc           0%         N/A       100%        8
 Ignition                 Fire           0%         3d3       100%        8
 Summon Ice Beast         Ice/Summ       Unusable   N/A       N/A         4
 Summon Lightning Spire   Summ/Air       Unusable   N/A       N/A         4
 Summon Forest            Summ/Tloc      Unusable   N/A       N/A         5
 Simulacrum               Ice/Necr       Unusable   N/A       N/A         6
 Summon Hydra             Summ           Unusable   N/A       N/A         7

Dungeon Overview and Level Annotations

Branches:
Dungeon (14/15)            Temple (1/1) D:4            Lair (5/5) D:8
  Swamp (0/4) Lair:3        Snake (1/4) Lair:3        Slime (0/5) Lair:5
    Orc (2/2) D:11            Elf (0/3) Orc:2       Ossuary (visited)
  IceCv (visited)
 Vaults: D:13-14

Altars:
Dithmenos
Fedhas
Gozag
Hepliaklqana
Okawaru
Qazlal
Sif Muna
Trog
Uskayaw
Wu Jian
Xom
The Shining One

Shops:
D:8 *   Orc:2 [(**


Message History

The naga warrior blocks your attack.
The naga warrior is severely wounded.
The naga no longer looks unusually strong.
The naga warrior hits you but does no damage.
The naga warrior constricts you. You block the naga's attack.
The naga warrior blocks your attack.
The naga warrior is severely wounded.
The naga warrior roars a battlecry!
The naga goes into a battle-frenzy!
The naga warrior constricts you. You block the naga's attack.
The naga warrior hits you with a +0 hand axe!
* * * LOW HITPOINT WARNING * * *
The naga warrior constricts you.
You gain the combat prowess of a mighty hero.
You block the naga's attack.
The naga warrior hits you with a +0 hand axe!
* * * LOW HITPOINT WARNING * * *
The naga warrior constricts you.
You hit the naga warrior but do no damage.
Lightning courses through the naga warrior!
The naga warrior is almost dead.
You block the naga's attack. The naga warrior spits poison at you.
You block the splash of poison. The naga warrior constricts you.
You puncture the naga warrior!
The naga warrior is almost dead.
You block the naga's attack.
You impale the naga warrior!!
You kill the naga warrior!
Okawaru accepts your kill. You block the naga's attack.
Your base Maces & Flails skill increases to level 6!
You rampage towards the naga!
You thump the naga!
The naga is heavily wounded.
The naga spits poison at you. You block the splash of poison.
You barely miss the naga.
The naga is heavily wounded.
The naga hits you with a +0 glaive!!
You die...

...#...# ... .# #..#
..###.# #.#
######..#.......#...#
##.......#...#...#...#
##............#.......#
.......)..##..#.#.#
..........#...#...#
..#######.#...#.N.#
..######...)†.#.@.# #
.........##..)##.####.#
.........##...........#
..................)...#
......................#
......................#
..............#########
.............##
.............# ..


You could see a naga (strong, catching breath).

Vanquished Creatures
  Rupert (D:12)
  A white draconian (IceCv)
  Snorg (D:10)
  Josephine (Orc:1)
  6 hydras
  5 ogre magi
  2 centaur warriors (D:12)
  A death knight (D:14)
  11 two-headed ogres
  2 anacondas (Snake:1)
  A naga warrior (Snake:1)
  A dancing weapon (D:14)
  2 boulder beetles
  3 death yaks (Lair:2)
  The ghost of rozman the Thaumaturge, a journeyman DECj of Vehumet (D:14)
  A tengu warrior (D:11)
  2 naga sharpshooters (Snake:1)
  A shock serpent (Snake:1)
  A skyshark (Lair:4)
  Amaemon (Lair:1)
  A deep troll (shapeshifter) (D:12)
  A naga ritualist (Snake:1)
  An orc knight (D:12)
  An orc sorcerer (Orc:1)
  3 deep elf pyromancers (D:12)
  3 mana vipers (Snake:1)
  7 ugly things
  A manticore (D:12)
  3 cyclopes
  3 salamanders (Snake:1)
  Maurice (D:9)
  12 elephants
  10 black mambas
  15 cane toads
  A gargoyle (D:12)
  An orange demon (Lair:2)
  An unseen horror (D:10)
  10 komodo dragons
  4 rime drakes (IceCv)
  A tengu conjurer (D:14)
  5 trolls
  8 polar bears
  A dream sheep (Lair:5)
  7 hornets
  5 blink frogs
  A slime creature (D:12)
  4 shadows
  Sigmund (D:4)
  11 spriggans (Lair:5)
  3 vampires
  4 wraiths
  8 wyverns
  27 yaks
  7 basilisks
  3 steam dragons
  2 vampire mosquitoes (D:10)
  2 swamp worms (Lair:3)
  2 wargs
  3 nagas (Snake:1)
  Duvessa (D:6)
  18 water moccasins
  An ice beast (D:8)
  8 orc warriors
  A sky beast (D:7)
  7 black bears
  46 wolves
  5 centaurs
  4 boggarts (Lair:5)
  28 ogres
  A phantom (D:11)
  An elf zombie (Ossuary)
  3 kobold brigands
  12 bullfrogs
  A gnoll sergeant (D:8)
  3 scorpions
  23 wights
  12 killer bees
  A troll zombie (D:11)
  Dowan (D:6)
  4 lindwurm simulacra (IceCv)
  4 howler monkeys
  A vampire bat (D:7)
  2 electric eels
  3 komodo dragon simulacra (IceCv)
  6 hounds
  A wyvern simulacrum (D:8)
  A centaur zombie (Ossuary)
  16 orc priests
  3 human zombies (Ossuary)
  A jelly (D:5)
  6 iguanas
  17 orc wizards
  11 ogre zombies
  A centaur simulacrum (D:8)
  7 mummies (Ossuary)
  15 gnolls
  5 acid dragon simulacra (IceCv)
  9 adders
  A shadow imp (D:8)
  13 white imps
  2 ufetubi
  9 steam dragon simulacra (IceCv)
  A worm zombie (D:7)
  2 adder zombies (Ossuary)
  3 worms
  50 orcs
  12 bats
  9 endoplasms
  A giant cockroach (D:1)
  12 goblins
  7 hobgoblins
  11 jackals
  22 kobolds
  3 quokkas (D:4)
  6 ball pythons
  3 frilled lizards
  A goblin skeleton (D:11)
  7 goblin zombies
  2 hobgoblin skeletons (D:11)
  10 hobgoblin zombies
  3 kobold zombies
  15 orc zombies (D:11)
  4 quokka zombies (Ossuary)
  3 rats
  4 rat zombies (Ossuary)
735 creatures vanquished.

Vanquished Creatures (others)
  An orc wizard (Orc:1)
1 creature vanquished.

Grand Total: 736 creatures vanquished

Notes
Turn   | Place    | Note
-------+----------+-------------------------------------------
     0 | D:1      | Kazon the Human Fighter began the quest for the Orb.
     0 | D:1      | Reached XP level 1. HP: 18/18 MP: 1/1
    56 | D:1      | Identified a scroll of acquirement
    56 | D:1      | Acquired the +9 plate armour of Kadix {Rampage Str+3}
    77 | D:1      | Reached XP level 2. HP: 22/24 MP: 2/2
   155 | D:1      | Reached XP level 3. HP: 29/29 MP: 3/3
   907 | D:2      | Reached skill level 1 in Throwing
   941 | D:2      | Reached XP level 4. HP: 35/35 MP: 4/4
  1318 | D:2      | Reached XP level 5. HP: 41/41 MP: 5/5
  1646 | D:3      | Found a blossoming altar of Fedhas.
  1785 | D:3      | Found a stormy altar of Qazlal.
  1886 | D:3      | Found a faded altar of an unknown god.
  1929 | D:3      | Identified the +2 sling "Qeuhanocyt" {speed, rElec Str-3
                  | Dex+2}
  2048 | D:4      | Found a staircase to the Ecumenical Temple.
  2057 | Temple   | Entered the Ecumenical Temple
  2070 | Temple   | Became a worshipper of Warmaster Okawaru
  2126 | D:4      | Noticed a black bear
  2146 | D:4      | Killed a black bear
  2146 | D:4      | Reached * piety under Okawaru
  2147 | D:4      | Reached skill level 1 in Invocations
  2147 | D:4      | Reached XP level 6. HP: 36/47 MP: 6/6
  2152 | D:4      | Found a hazy altar of Hepliaklqana.
  2153 | D:4      | Found a shadowy altar of Dithmenos.
  2153 | D:4      | Noticed a shadow
  2198 | D:4      | Noticed Sigmund
  2204 | D:4      | Killed Sigmund
  2205 | D:4      | Reached skill level 1 in Long Blades
  2205 | D:4      | Reached XP level 7. HP: 53/53 MP: 8/8
  2796 | D:5      | Entered Level 5 of the Dungeon
  2808 | D:5      | Reached ** piety under Okawaru
  2853 | D:5      | Reached skill level 1 in Stealth
  2950 | D:5      | Reached XP level 8. HP: 60/60 MP: 9/9
  3242 | D:6      | Noticed Dowan
  3244 | D:6      | Noticed Duvessa
  3255 | D:6      | Killed Dowan
  3264 | D:6      | Killed Duvessa
  3265 | D:6      | Reached skill level 5 in Axes
  3346 | D:6      | Reached skill level 5 in Shields
  3412 | D:6      | Found a shimmering altar of Xom.
  3561 | D:6      | Reached XP level 9. HP: 57/66 MP: 11/11
  3695 | D:6      | Reached *** piety under Okawaru
  3751 | D:7      | Reached skill level 5 in Fighting
  3883 | D:7      | Received a gift from Okawaru
  3978 | D:7      | Reached skill level 5 in Invocations
  4039 | D:7      | Reached skill level 5 in Throwing
  4039 | D:7      | Reached XP level 10. HP: 54/74 MP: 13/13
  4042 | D:7      | Found a sand-covered staircase.
  4056 | Ossuary  | Entered an ossuary
  4281 | Ossuary  | Reached **** piety under Okawaru
  4350 | Ossuary  | Reached skill level 1 in Evocations
  4759 | D:7      | Noticed a two-headed ogre
  4775 | D:7      | Killed a two-headed ogre
  5212 | D:8      | Received a gift from Okawaru
  5427 | D:8      | Found a staircase to the Lair.
  5506 | D:8      | Reached XP level 11. HP: 81/81 MP: 16/16
  5640 | D:8      | Found Izo Qiri's Assorted Antiques.
  5662 | D:8      | Reached skill level 5 in Long Blades
  5674 | D:8      | Bought a scroll labelled JIYFIZX FOFUA for 29 gold pieces
  5674 | D:8      | Bought a sedimented brown potion for 26 gold pieces
  5674 | D:8      | Bought a curved iron wand for 116 gold pieces
  6112 | D:8      | Reached skill level 5 in Armour
  6838 | D:9      | Reached ***** piety under Okawaru
  6860 | D:9      | Noticed Maurice
  6888 | D:9      | Killed Maurice
  7029 | D:9      | Received a gift from Okawaru
  7543 | D:10     | Entered Level 10 of the Dungeon
  7669 | D:10     | Noticed a two-headed ogre
  7690 | D:10     | Killed a two-headed ogre
  8199 | D:10     | Noticed Snorg
  8227 | D:10     | Killed Snorg
  8227 | D:10     | Received a gift from Okawaru
  8228 | D:10     | Reached XP level 12. HP: 65/89 MP: 10/17
  8238 | D:10     | Found a shimmering blue altar of Sif Muna.
  8331 | Lair:1   | Entered Level 1 of the Lair of Beasts
  8378 | Lair:1   | Reached skill level 5 in Evocations
  8484 | Lair:1   | Received a gift from Okawaru
  8603 | Lair:1   | Reached skill level 1 in Dodging
  8759 | Lair:1   | Received a gift from Okawaru
  8905 | Lair:1   | Received a gift from Okawaru
  9061 | Lair:2   | Noticed Amaemon
  9087 | Lair:1   | Paralysed by Amaemon for 3 turns
  9096 | Lair:1   | Killed Amaemon
  9131 | Lair:2   | Noticed a death yak
  9132 | Lair:2   | Noticed a death yak
  9133 | Lair:2   | Noticed a death yak
  9157 | Lair:2   | Killed a death yak
  9170 | Lair:2   | Killed a death yak
  9186 | Lair:2   | Killed a death yak
  9187 | Lair:2   | Reached XP level 13. HP: 93/96 MP: 13/19
  9416 | Lair:2   | Received a gift from Okawaru
  9435 | Lair:2   | Found an ornate altar of the Wu Jian Council.
  9469 | Lair:2   | HP: 4/96 [cane toad (6)]
  9693 | Lair:2   | Noticed a five-headed hydra
  9704 | Lair:2   | Killed a one-headed hydra
  9770 | Lair:2   | Reached skill level 10 in Axes
  9916 | Lair:3   | Reached skill level 1 in Maces & Flails
  9995 | Lair:3   | Found a staircase to the Swamp.
 10020 | Lair:3   | Found the +10 zealot's sword {holy, Zealotry, *Rage rN+
                  | EV+3}
 10147 | Lair:3   | Found a staircase to the Snake Pit.
 10322 | Lair:3   | Identified the +1 scale mail of Untruth {Fly} (Okawaru
                  | gifted it to you on level 3 of the Lair of Beasts)
 10322 | Lair:3   | Received a gift from Okawaru
 11410 | Lair:4   | You fall into a shaft and drop 1 floor!
 11410 | Lair:5   | Entered Level 5 of the Lair of Beasts
 11442 | Lair:5   | Reached skill level 10 in Invocations
 11446 | Lair:5   | Reached XP level 14. HP: 103/103 MP: 21/21
 11464 | Lair:5   | Reached skill level 10 in Shields
 11504 | Lair:5   | Found a staircase to the Slime Pits.
 11613 | Lair:4   | Received a gift from Okawaru
 11939 | Lair:5   | Received a gift from Okawaru
 12406 | Lair:5   | Paralysed by a hornet for 1 turns
 13200 | D:10     | Received a gift from Okawaru
 13505 | D:11     | Found a staircase to the Orcish Mines.
 13572 | Orc:1    | Entered Level 1 of the Orcish Mines
 13990 | D:12     | Reached XP level 15. HP: 110/110 MP: 23/23
 14046 | D:12     | Identified the +0 tower shield of Fiuxtafo {*Slow +Blink
                  | rF+ Str+3} (Okawaru gifted it to you on level 12 of the
                  | Dungeon)
 14046 | D:12     | Received a gift from Okawaru
 14099 | D:12     | Found a frozen archway.
 14132 | IceCv    | Entered an ice cave
 14206 | IceCv    | Found the ring of the Tortoise {AC+8}
 14530 | IceCv    | Identified the ring of Omumul {*Corrode rC+ Int+5 Dex+2
                  | Stlth+}
 15392 | Orc:2    | Entered Level 2 of the Orcish Mines
 15392 | Orc:2    | Noticed Josephine
 15676 | Orc:1    | Killed Josephine
 16125 | D:13     | Got the Verses on Mutagenic Frost
 16484 | D:14     | Reached skill level 10 in Armour
 16567 | D:14     | Found a runed translucent door.
 16568 | D:14     | Found a shimmering altar of Xom.
 16568 | D:14     | Noticed rozman's ghost (journeyman DECj)
 16600 | D:14     | Killed rozman's ghost
 16600 | D:14     | Received a gift from Okawaru
 16754 | D:12     | Noticed Rupert
 16772 | D:12     | Killed Rupert
 17030 | Orc:2    | Paralysed by an ogre mage for 3 turns
 17071 | Orc:2    | Received a gift from Okawaru
 17290 | Orc:2    | Reached XP level 16. HP: 117/120 MP: 24/24
 17298 | Orc:2    | Paralysed by an ogre mage for 2 turns
 17311 | Orc:2    | Received a gift from Okawaru
 17311 | Orc:2    | Found the +10 morningstar "Eos" {elec, Halo rElec}
 17312 | Orc:2    | Reached skill level 5 in Maces & Flails
 17317 | Orc:2    | Found a staircase to the Elven Halls.
 17393 | Orc:1    | Reached ****** piety under Okawaru
 17511 | Orc:2    | Found Jigu's Antique Armour Emporium.
 17537 | Orc:2    | Found Lifoc's Assorted Antiques.
 17537 | Orc:2    | Found Itoejit's Antique Weapon Shop.
 17537 | Orc:2    | Found Fiots's General Store.
 17613 | Orc:2    | Bought a pair of glowing gloves for 187 gold pieces
 17631 | Orc:2    | Bought a scroll of enchant weapon for 112 gold pieces
 17631 | Orc:2    | Bought a scroll of enchant weapon for 112 gold pieces
 17632 | Orc:2    | Bought a scroll labelled FOQEFA DOBLIOG for 41 gold pieces
 17960 | Snake:1  | Entered Level 1 of the Snake Pit
 17982 | Snake:1  | Identified the ring of Enowk {Ice Int+5}
 18667 | Snake:1  | Slain by a naga

Illustrated notes

Levels and vault maps discovered:
D:1:      ebering_trefoil_3fold, layout_basic, st_stairs_14, serial_bayou_ford_a
D:2:      layout_basic, hangedman_decor_growths, minmay_close_crescents
D:3:      layout_rooms, mainiacjoe_overflow_concentric_impassable,
          mainiacjoe_overflow_paths, shapermc_ecumenical_altar_acropolis,
          chequers_serial_rivers_micro_b
D:4:      layout_basic, riverfiend_overflow_shadow_ancestor,
          minmay_temple_entry_glass, uniq_sigmund
D:5:      layout_gridville
D:6:      layout_basic, xom_teletrap_fun, uniq_duvessa
D:7:      layout_loops_ring, enter_ossuary_3, roderic_batcave
D:8:      layout_layer_cave, minmay_lair_entry_grove, serial_shops,
          nicolae_lakefront_shop, serial_ice, serial_ice_o, serial_ice_d,
          serial_ice_k, serial_ice_a
D:9:      layout_loops_ring, nicolae_wwwww, uniq_maurice
D:10:     layout_irregular_city, led_sif_pool, uniq_snorg
D:11:     layout_basic, zombieorc2_lemuel, chequers_garden
D:12:     layout_basic, portal_ice_cave_entry_imps,
          chequers_serial_rivers_micro_e, minivault_28, uniq_rupert
D:13:     layout_basic, lightli_vaults_fourway_checkpoint, serial_corexii_hall,
          chequers_hall_statues_wall_a, chequers_hall_statues_wall_a
D:14:     layout_irregular_city, nicolae_uskayaw_dance_hall, ebering_ghost_xom,
          grunt_ministairs_12
Temple:   nicolae_temple_elliptical
Lair:1:   layout_big_grid, serial_bayou_pond_a
Lair:2:   layout_gridlike, basic_altar, uniq_amaemon
Lair:3:   layout_small_grid, swamp_mist, minmay_snake_entry_six_corridors,
          worms_lemuel, serial_bayou_shore_a
Lair:4:   layout_gridlike, nzn_random_ring, infiniplex_staircase_pool_2
Lair:5:   minmay_lair_end_enchanted_forest, layout_misc_corridors,
          dpeg_slime_entry_enclosed
Snake:1:  layout_grid_maze, basic_altar, nicolae_snake_guarding_the_ruins,
          minmay_shop_star, uniq_donald, uniq_nikola
Orc:1:    layout_caves, serial_shops, nicolae_orc_sculptors_studio
Orc:2:    st_orc_ogre_mass, layout_caves, basic_altar, nicolae_orc_tapped_out,
          uniq_josephine

Skill      XL: |  1  2  3  4  5  6  7  8  9 10 11 12 13 14 15 16 |
---------------+-------------------------------------------------+-----
Throwing       | 1 2 4 5 6 7 |  7.5
Axes           | 3 4 5 7 8 9 10 11 12 | 12.0
Invocations    | 1 2 3 5 6 7 9 10 11 | 11.4
Long Blades    | 1 2 3 4 5 6 7 |  7.3
Shields        | 4 5 6 7 8 9 10 11 12 | 12.2
Fighting       | 4 5 6 7 8 9 |  9.3
Stealth        | 1 2 |  2.5
Armour         | 4 5 6 8 9 10 | 10.3
Evocations     | 3 4 6 7 9 |  9.4
Dodging        | 1 2 |  2.1
Maces & Flails | 1 3 4 6 |  6.0

Action                     |  1- 3 |  4- 6 |  7- 9 | 10-12 | 13-15 | 16-18 || total
---------------------------+-------+-------+-------+-------+-------+-------++-------
  Melee: War axe           |   106 |   122 |       |   348 |   712 |    33 ||  1321
         Hand axe          |       |     5 |   421 |   901 |   138 |       ||  1465
         Eudemon blade     |       |       |       |       |   320 |       ||   320
         Demon whip        |       |       |       |       |   573 |    31 ||   604
         Morningstar       |       |       |       |       |       |    66 ||    66
  Throw: Stone             |       |     9 |    20 |    18 |       |       ||    47
         Dart              |       |       |    17 |    43 |    70 |    14 ||   144
         Boomerang         |       |       |    14 |    46 |    67 |    21 ||   148
         Javelin           |       |       |       |     2 |    10 |       ||    12
 Invoke: Heroism           |       |       |     3 |    14 |     8 |     2 ||    27
         Finesse           |       |       |       |     5 |     4 |     1 ||    10
  Evoke: Wand              |       |       |       |    10 |    18 |       ||    28
         Phial of floods   |       |       |       |       |     1 |       ||     1
    Use: Scroll            |     2 |       |       |     8 |    10 |     4 ||    24
         Potion            |     1 |       |       |     1 |     3 |       ||     5
   Stab: Paralysed         |       |       |       |    17 |       |       ||    17
         Invisible         |       |       |       |     3 |       |       ||     3
 Armour: Scale mail        |    15 |       |       |       |       |       ||    15
         Plate armour      |    47 |    75 |   228 |   683 |   893 |    90 ||  2016
  Dodge: Dodged            |    23 |    13 |    37 |   211 |   376 |    31 ||   691
  Block: Buckler           |    16 |       |       |       |       |       ||    16
         Tower shield      |    34 |    92 |   376 |  1058 |  1595 |   127 ||  3282
